 Dungeon Crawl Stone Soup version 0.28-a0-751-gef3a642a4e (webtiles) character file.

Game seed: 15035858097191394520

14607 bjtr the Destroyer (level 11, -2/81 HPs)
             Began as a Demonspawn Conjurer on Oct 30, 2021.
             Was a Believer of Vehumet.
             Slain by a slime creature (10 damage)
             ... on level 13 of the Dungeon on Oct 31, 2021.
             The game lasted 01:16:31 (16245 turns).

bjtr the Destroyer (Demonspawn Conjurer)           Turns: 16245, Time: 01:16:34

Health: -2/81      AC: 20    Str:  9    XL:     11   Next: 90%
Magic:  2/21       EV: 15    Int: 28    God:    Vehumet [**....]
Gold:   1501       SH: 11    Dex: 11    Spells: 16/24 levels left

rFire   . . .      SeeInvis .   Z - +3 eveningstar (protect)
rCold   . . .      Faith    .   S - +1 kite shield {reflect}
rNeg    . . .      Spirit   .   D - +3 ring mail
rPois   .          Reflect  +   g - +2 hat {Stlth+}
rElec   .          Harm     .   U - +1 cloak
rCorr   .          Rampage  .   (no gloves)
Will    .....                   w - +2 pair of boots
Stlth   +++.......              (no amulet)
HPRegen 0.23/turn               v - ring of wizardry
MPRegen 0.17/turn               A - +6 ring of intelligence

@: agile, very slightly contaminated
A: hooves 1, icy blue scales 2, powered by pain 1
a: Renounce Religion


You were on level 13 of the Dungeon.
You worshipped Vehumet.
Vehumet was pleased with you.
You visited 2 branches of the dungeon, and saw 15 of its levels.

You collected 1501 gold pieces.

Inventory:

Hand Weapons
 u - a +2 vampiric trident
 Z - a +3 eveningstar of protection (weapon)
Missiles
 c - 4 javelins
 d - 5 curare-tipped darts
 k - 107 bolts
 z - 2 throwing nets
Armour
 g - a +2 hat of stealth (worn)
 w - a +2 pair of boots (worn)
 D - a +3 ring mail (worn)
 S - a +1 kite shield of reflection (worn)
 U - a +1 cloak (worn)
Jewellery
 b - a ring of magical power
 v - a ring of wizardry (left hand)
 A - a +6 ring of intelligence (right hand)
 Q - a ring of protection from fire
 W - a ring of protection from cold
Wands
 G - a wand of charming (15)
 M - a wand of flame (13)
 X - a wand of iceblast (10)
Scrolls
 n - a scroll of amnesia
 s - 2 scrolls of magic mapping
 x - a scroll of silence
Potions
 a - a potion of flight
 e - a potion of might
 h - a potion of berserk rage
 i - 2 potions of ambrosia
 m - a potion of brilliance {unknown}
 p - 3 potions of heal wounds
 q - 6 potions of curing
 r - a potion of degeneration {unknown}
 t - 2 potions of magic {unknown}
 C - a potion of invisibility
 J - a potion of mutation {unknown}
 T - 3 potions of haste {unknown}
Miscellaneous
 O - a piece from Xom's chessboard (15/15)


   Skills:
 + Level 6.1 Fighting
 * Level 7.7 Armour
 + Level 6.2 Dodging
 + Level 4.8 Stealth
 * Level 7.6 Shields
 * Level 7.2 Spellcasting
 + Level 8.8 Conjurations
 + Level 0.3 Translocations
 + Level 3.1 Fire Magic
 + Level 1.5 Evocations


You had 16 spell levels left.
You knew the following spells:

 Your Spells              Type           Power      Damage    Failure   Level
a - Magic Dart            Conj           100%       1d8       1%          1
b - Searing Ray           Conj           100%       2d8       1%          2
c - Iskenderun's Mystic   Conj/Tloc      35%        2d8       21%         4
d - Foxfire               Conj/Fire      100%       2x1d9     1%          1

Your spell library contained the following spells:

 Spells                   Type           Power      Damage    Failure   Level
 Frozen Ramparts          Ice            20%        1d4       36%         3
 Dazzling Flash           Conj/Hex       68%        N/A       6%          3
 Animate Skeleton         Necr           20%        N/A       13%         1
 Pain                     Necr           40%        1d6       13%         1
 Fulminant Prism          Conj/Hex       17%        3d11      21%         4
 Gell's Gravitas          Tloc           5%         N/A       32%         3
 Lesser Beckoning         Tloc           11%        N/A       32%         3
 Teleport Other           Tloc           11%        N/A       32%         3
 Portal Projectile        Hex/Tloc       20%        N/A       34%         3
 Call Canine Familiar     Summ           10%        N/A       36%         3
 Vampiric Draining        Necr           5%         2d6       36%         3
 Passage of Golubria      Tloc           11%        N/A       71%         4
 Leda's Liquefaction      Hex/Erth       5%         N/A       75%         4
 Summon Forest            Summ/Tloc      5%         N/A       96%         5
 Silence                  Hex/Air        5%         N/A       97%         5
 Eringya's Noxious Bog    Tmut/Pois      5%         N/A       100%        6
 Summon Hydra             Summ           5%         N/A       100%        7
 Lehudib's Crystal Spear  Conj/Erth      17%        10d5      100%        8


Dungeon Overview and Level Annotations

Branches:
Dungeon (14/15)            Temple (1/1) D:5            Lair (0/6) D:9
    Orc (0/2) D:11
 Vaults: D:13-14

Altars:
Ashenzari
Cheibriados
Dithmenos
Elyvilon
Fedhas
Gozag
Hepliaklqana
Kikubaaqudgha
Makhleb
Nemelex Xobeh
Okawaru
Qazlal
Ru
Sif Muna
Trog
Uskayaw
Vehumet
Wu Jian
Xom
Yredelemnul
Zin
The Shining One
Beogh

Shops:
D:5 *   D:9 (

Portals:
Trove: D:11 (give 18 potions of curing)

Annotations:
D:9 3 runed translucent doors, BigDaddyOpFi's ghost, novice OgFi
D:10 3 runed translucent doors, ytrimaz's ghost, journeyman DsNe
D:12 Kirke
D:14 Louise


Innate Abilities, Weirdness & Mutations

You have large cloven feet.
You are mostly covered in icy blue scales. (AC +3)
You sometimes gain a little power by taking damage.


Message History

The mystic blast hits the slime creature.
The slime creature is moderately wounded.
The slime creature is knocked back by the mystic blast.
The slime creature slams into the rock wall!
The centaur warrior wields a +0 shortbow.
The centaur warrior shoots an arrow.
The arrow hits you! The slime creature hits you!
Unknown command.
Unknown command.
Unknown command.
Casting: Iskenderun's Mystic Blast (dangerous; 21% risk of failure)
Confirm with . or Enter, or press ? or * to list all spells.
You erupt in a blast of force!
The mystic blast hits the gargoyle but does no damage.
The gargoyle is moderately damaged.
The mystic blast hits the slime creature!
The slime creature is heavily wounded.
The slime creature is knocked back by the mystic blast.
The mystic blast hits the slime creature!
The slime creature is heavily wounded.
The slime creature is knocked back by the mystic blast.
The mystic blast hits the slime creature!
The slime creature is almost dead.
The mystic blast hits the slime creature!
The slime creature is heavily wounded.
The slime creature is knocked back by the mystic blast.
The slime creature slams into the rock wall!
You hear a shout!
The centaur warrior shoots an arrow.
The arrow hits you!
* * * LOW HITPOINT WARNING * * *
The slime creature hits you but does no damage.
Unknown command.
You barely miss the slime creature.
The slime creature is almost dead.
The centaur warrior shoots an arrow.
The arrow hits you!
* * * LOW HITPOINT WARNING * * *
You focus on the pain.
You feel agile all of a sudden. The gargoyle closely misses you.
The slime creature hits you!
You die...

,,,,*,,,,,,,,***,,,** *,,,,,*
*,*,*,***********,,,* *,***,*
,,*,*,*,,,,,,,**,,*****,**#.#
*,*,*,*,*********,* **,,,,#.#
*,*,*,*,* *,##*,,,,,#c# *,*,*,*,*
*#.**,,,,,#.# *,*,*,*,*
##.********#.#
*,,,*,*,*#######J#* #.#
,,,,,,,,,.T.....@##########.#####
,,,,,,,,,......9.J...............
*******,*#####....###.###########
* *,* #....###.# *
*,*****#J.......#
*,,,......J#.##.#
***≈≈≈≈≈≈≈......#.#
*≈≈≈≈≈≈≈≈.....#c#.#
**≈≈≈≈≈≈≈≈###.*.#.#


You could see 4 slime creatures, a centaur warrior, a troll and a gargoyle.

Vanquished Creatures
  Gastronok (D:8)
  Harold (D:11)
  A two-headed ogre (D:9)
  Sonja (D:11)
  Pikel (D:5)
  An ugly thing (D:10)
  A cyclops (D:11)
  A manticore (D:10)
  A centaur zombie (D:11)
  Maurice (D:8)
  2 trolls
  Prince Ribbit (D:8)
  A shadow (D:9)
  3 wraiths
  A wyvern (D:10)
  26 yaks
  2 steam dragons
  4 vampire mosquitoes (D:11)
  2 acid dragons
  Edmund (D:6)
  A water moccasin (D:8)
  8 orc warriors
  An ice beast (D:6)
  A necrophage (D:5)
  4 centaurs
  Blork the orc (D:5)
  A kobold brigand (D:10)
  3 bullfrogs
  2 water moccasin skeletons
  3 killer bees (D:11)
  5 howler monkeys
  A jelly (D:8)
  3 orc priests
  3 iguanas (D:6)
  7 orc wizards
  A scorpion zombie (D:5)
  3 howler monkey zombies
  A gnoll (D:1)
  5 adders
  A shadow imp (D:6)
  A white imp (D:4)
  An ufetubus (D:5)
  A worm (D:4)
  3 dart slugs
  33 orcs
  9 ball pythons
  8 bats
  A bat zombie (D:6)
  7 endoplasms
  3 giant cockroaches
  12 goblins
  10 hobgoblins
  11 jackals
  A quokka (D:9)
  12 kobolds
  3 rats
  2 rat zombies (D:6)
226 creatures vanquished.

Vanquished Creatures (collateral kills)
  Urug (D:10)
  3 orcs (D:10)
4 creatures vanquished.

Vanquished Creatures (others)
  A hobgoblin (D:1)
  159 foxfires
  2 plants (D:10)
162 creatures vanquished.

Grand Total: 392 creatures vanquished

Notes
Turn   | Place    | Note
-------+----------+-------------------------------------------
     0 | D:1      | bjtr the Demonspawn Conjurer began the quest for the Orb.
     0 | D:1      | Reached XP level 1. HP: 13/13 MP: 3/3
    57 | D:1      | Found a faded altar of an unknown god.
   200 | D:1      | Gained mutation: You are partially covered in icy blue
                  | scales. (AC +2) [demonic ancestry]
   200 | D:1      | Reached XP level 2. HP: 8/19 MP: 3/5
   416 | D:1      | Learned a level 2 spell: Searing Ray
   647 | D:1      | Reached XP level 3. HP: 24/24 MP: 4/6
   816 | D:1      | Reached skill level 5 in Conjurations
  1006 | D:2      | Found an opulent altar of Gozag.
  2164 | D:3      | Noticed a centaur
  2202 | D:3      | Killed a centaur
  2203 | D:3      | Reached XP level 4. HP: 20/31 MP: 1/7
  2203 | D:3      | Reached XP level 5. HP: 24/36 MP: 1/8
  2557 | D:3      | Reached skill level 1 in Fighting
  3024 | D:4      | Found a burning altar of Makhleb.
  3051 | D:4      | Found an ornate altar of the Wu Jian Council.
  3967 | D:4      | Reached skill level 6 in Conjurations
  4049 | D:4      | Reached XP level 6. HP: 41/43 MP: 10/10
  4170 | D:5      | Entered Level 5 of the Dungeon
  4280 | D:5      | Learned a level 4 spell: Iskenderun's Mystic Blast
  4337 | D:5      | Found a hide-covered altar of Uskayaw.
  4343 | D:5      | Noticed Pikel
  4356 | D:5      | Killed Pikel
  4357 | D:5      | Reached skill level 1 in Armour
  4357 | D:5      | Gained mutation: You sometimes gain a little power by
                  | taking damage. [demonic ancestry]
  4357 | D:5      | Reached XP level 7. HP: 32/51 MP: 1/12
  4686 | D:5      | Found Erchabyq's Assorted Antiques.
  4887 | D:5      | Found a staircase to the Ecumenical Temple.
  4899 | Temple   | Entered the Ecumenical Temple
  4913 | Temple   | Became a worshipper of Vehumet
  4920 | Temple   | Upgraded the game from 0.28-a0-750-g7c675f85b1 to
                  | 0.28-a0-751-gef3a642a4e
  5021 | D:5      | Noticed Blork the orc
  5040 | D:5      | Killed Blork the orc
  5703 | D:6      | Found an ancient bone altar of Kikubaaqudgha.
  5718 | D:6      | Gained mutation: You have large cloven feet. [demonic
                  | ancestry]
  5718 | D:6      | Reached XP level 8. HP: 58/58 MP: 5/13
  6406 | D:6      | Reached skill level 7 in Conjurations
  6528 | D:6      | Noticed Edmund
  6605 | D:6      | Killed Edmund
  6971 | D:7      | Reached * piety under Vehumet
  6971 | D:7      | Offered knowledge of Foxfire by Vehumet.
  6974 | D:7      | Learned a level 1 spell: Foxfire
  7836 | D:8      | Noticed Maurice
  7902 | D:8      | Killed Maurice
  7903 | D:8      | Reached skill level 1 in Shields
  7903 | D:8      | Reached XP level 9. HP: 63/65 MP: 10/15
  8255 | D:8      | Noticed Prince Ribbit
  8270 | D:8      | Killed Prince Ribbit
  8385 | D:8      | Noticed Gastronok
  8456 | D:8      | Reached skill level 1 in Fire Magic
  8812 | D:8      | Reached skill level 5 in Spellcasting
  8817 | D:8      | Reached skill level 5 in Armour
  9888 | D:8      | Killed Gastronok
  9889 | D:8      | Reached skill level 8 in Conjurations
  9889 | D:8      | Gained mutation: You are mostly covered in icy blue scales.
                  | (AC +3) [demonic ancestry]
  9889 | D:8      | Reached XP level 10. HP: 73/73 MP: 1/18
 10109 | D:8      | Reached skill level 1 in Evocations
 10132 | D:8      | Offered knowledge of Freeze by Vehumet.
 10426 | D:9      | Reached skill level 5 in Fighting
 10540 | D:9      | Reached skill level 5 in Dodging
 10616 | D:9      | Reached ** piety under Vehumet
 10911 | D:9      | Noticed a two-headed ogre
 10945 | D:9      | Killed a two-headed ogre
 10946 | D:9      | Reached skill level 5 in Shields
 11210 | D:9      | Found a sacrificial altar of Ru.
 11228 | D:9      | Found a staircase to the Lair.
 11238 | D:9      | Found Fuciahosm's Antique Weapon Shoppe.
 12025 | D:9      | Reached XP level 11. HP: 80/80 MP: 14/20
 12118 | D:9      | Found a runed translucent gate.
 12118 | D:9      | Found a runed translucent gate.
 12122 | D:9      | Found a runed translucent gate.
 12149 | D:9      | Noticed BigDaddyOpFi's ghost (novice OgFi)
 12265 | D:10     | Entered Level 10 of the Dungeon
 12305 | D:10     | Found a basalt altar of Yredelemnul.
 12611 | D:10     | Found a runed translucent gate.
 12612 | D:10     | Found a runed translucent gate.
 12613 | D:10     | Identified the +1 robe "Vecigemn" {rPois}
 12636 | D:10     | Found a runed translucent gate.
 12636 | D:10     | Noticed a 12-headed hydra
 12636 | D:10     | Noticed ytrimaz's ghost (journeyman DsNe)
 13150 | D:10     | Noticed Urug
 13160 | D:10     | Killed Urug
 13444 | D:10     | Noticed a cyan ugly thing
 13444 | D:10     | Found the +5 sword of Power {vorpal}
 13457 | D:10     | Killed a cyan ugly thing
 13607 | D:10     | Found an opulent altar of Gozag.
 13943 | D:11     | Offered knowledge of Frozen Ramparts by Vehumet.
 14198 | D:11     | Found a staircase to the Orcish Mines.
 15264 | D:11     | Identified a scroll of acquirement
 15264 | D:11     | Acquired 806 gold pieces
 15274 | D:11     | Found a portal to a secret trove of treasure.
 15340 | D:11     | Noticed Sonja
 15345 | D:11     | Killed Sonja
 15624 | D:11     | Noticed Harold
 15652 | D:11     | Killed Harold
 16028 | D:12     | Noticed Kirke
 16028 | D:12     | You fall into a shaft and drop 2 floors!
 16028 | D:14     | Noticed Louise
 16222 | D:13     | Noticed a centaur warrior
 16230 | D:13     | Noticed a centaur warrior
 16245 | D:13     | Slain by a slime creature

Illustrated notes

Levels and vault maps discovered:
D:1:      mrwooster_arrival_statue, layout_rooms,
          shapermc_ecumenical_altar_venn, minmay_misc_feat_secret_circle,
          chequers_serial_rivers_room_b
D:2:      layout_loops_ring, basic_altar
D:3:      layout_loops_ring, columned_hall_lemuel
D:4:      layout_gridville, kennysheep_little_box,
          mainiacjoe_overflow_catwalk_spiral, serial_park_tiny_1, nrook_uturn
D:5:      layout_loops_ring, mainiacjoe_overflow_24_doors,
          minmay_temple_entry_purple_smoke, serial_shops, nicolae_shop_crystal,
          hangedman_abyss_or_decor_lesser_grid, mrwooster_statue_mirror,
          uniq_blork_the_orc, uniq_pikel
D:6:      layout_rooms, lemuel_zombie_altar_kikubaaqudgha, uniq_edmund
D:7:      layout_cave_pods, serial_glass, glass_columns_a, glass_columns_a,
          glass_columns_a, glass_columns_a, glass_columns_a, glass_columns_a,
          glass_columns_a, glass_columns_a, glass_columns_c, glass_columns_b,
          palyth_stone_intersect, minmay_misc_feat_ornament
D:8:      layout_cave_pods, uniq_prince_ribbit1, uniq_gastronok, uniq_maurice
D:9:      layout_basic, nicolae_ru_great_annihilating_truth, lair_entry_dummy,
          gammafunk_ghost_icy, serial_shops, shop_fountains, nicolae_sextant
D:10:     layout_roguey, pdpol_temple_overflow_zin_treasury_gozag_greed,
          lemuel_tele_altar, gammafunk_ghost_hydra_chop, kennysheep_diamond,
          small_chamber_with_monster, uniq_urug
D:11:     layout_roguey, minmay_orc_entry_temple_small,
          nicolae_trove_entry_free_sample, uniq_harold, uniq_sonja
D:12:     layout_layer_cave, amcnicky_mini_pool_small, uniq_kirke, uniq_nessos
D:13:     layout_basic, david_vaults_1, portal_ice_cave_entry_animals_and_master
D:14:     layout_loops_ring, elyvilon_altar_3, chequers_mini_garden,
          tso_oasis_becter, uniq_louise, uniq_snorg, uniq_josephine, uniq_agnes
Temple:   cyrus_circular_temple

Skill      XL: |  1  2  3  4  5  6  7  8  9 10 11 |
---------------+----------------------------------+-----
Conjurations   | 5 6 7 8 |  8.8
Dodging        | 2 3 4 5 6 |  6.2
Stealth        | 2 3 4 |  4.8
Fighting       | 1 2 3 4 5 6 |  6.1
Armour         | 1 3 5 6 7 |  7.7
Spellcasting   | 3 4 5 6 7 |  7.2
Shields        | 1 3 5 7 |  7.6
Fire Magic     | 2 3 |  3.1
Evocations     | 1 |  1.5
Translocations | |  0.3

Action                   |  1- 3 |  4- 6 |  7- 9 | 10-12 || total
-------------------------+-------+-------+-------+-------++-------
Melee: Flail             |    54 |     4 |       |       ||    58
       Trident           |       |    59 |   163 |   142 ||   364
       Eveningstar       |       |       |       |    91 ||    91
 Cast: Magic Dart        |    36 |     1 |       |       ||    37
       Searing Ray       |     9 |    28 |    40 |    60 ||   137
       Foxfire           |       |       |    63 |    24 ||    87
       Iskenderun's Myst |       |       |     2 |     7 ||     9
Evoke: Wand              |       |       |     8 |     2 ||    10
  Use: Scroll            |     3 |     4 |     9 |     7 ||    23
       Potion            |       |     2 |     2 |     2 ||     6
 Stab: Sleeping          |     5 |     4 |     3 |     3 ||    15
       Paralysed         |       |       |       |     5 ||     5
Armor: Robe              |    34 |    17 |       |       ||    51
       Leather armour    |       |    38 |       |       ||    38
       Ring mail         |       |     5 |   141 |   249 ||   395
Dodge: Dodged            |    78 |    74 |    88 |   178 ||   418
Block: Kite shield       |       |       |    54 |   246 ||   300
       Reflection        |       |       |     4 |     3 ||     7

Table legend: (Time is in decaauts)
 A = Elapsed time spent in this place.
 B = Non-inter-level travel time spent in this place.
 C = Inter-level travel time spent in this place.
 D = Time resting spent in this place.
 E = Time spent auto-exploring this place.
 F = Levels seen in this place.
 G = Mean time per level.
                   A        B        C        D        E       F      G
               +--------+--------+--------+--------+--------+-----+--------+
         Total |  16627 |  15959 |    668 |   5671 |   7023 |  15 | 1108.5 |
       Dungeon |  16526 |  15878 |    648 |   5671 |   6973 |  14 | 1180.4 |
        Temple |    101 |     82 |     19 |      0 |     50 |   1 |  101.0 |
               +--------+--------+--------+--------+--------+-----+--------+

Top non-repeatable levels by time:
     D:8: 2318 daAuts
     D:9: 1962 daAuts
    D:10: 1945 daAuts
    D:11: 1654 daAuts
     D:7: 1551 daAuts
     D:5: 1511 daAuts
     D:4: 1256 daAuts
     D:6: 1127 daAuts
     D:3: 1007 daAuts
     D:1: 1000 daAuts
     D:2: 941 daAuts
    D:14: 180 daAuts
  Temple: 101 daAuts
    D:13: 40 daAuts
    D:12: 29 daAuts
